 Dungeon Crawl Stone Soup version 0.32-a0-779-g362cfcae2a (webtiles) character file.

Game seed: 11629081639623173602

156 Fodor the Covered (level 5, 0/47 HPs)
             Began as a Minotaur Fighter on Mar 20, 2024.
             Killed by divine providence
             ... invoked by an orc priest
              (10 damage)
             ... on level 3 of the Dungeon.
             The game lasted 00:04:44 (1448 turns).

Fodor the Covered (Minotaur Fighter)                Turns: 1448, Time: 00:04:47

Health: 0/47       AC:  9    Str: 23    XL:     5   Next: 14%
Magic:  4/4        EV:  8    Int:  5    God:
Gold:   184        SH:  4    Dex:  9    Spells: 4/4 levels left

rFire   . . .        a - +0 war axe
rCold   . . .        c - +0 buckler
rNeg    . . .        b - +0 scale mail
rPois   .            (helmet restricted)
rElec   .            g - +0 cloak
rCorr   .            (no gloves)
SInv    .            e - +0 pair of boots
Will    .....        (no amulet) Stlth
                     (no ring)
HPRegen 0.27/turn    (no ring)
MPRegen 0.09/turn

%: no passive effects
@: no status effects
A: horns 2, retaliatory headbutt
a: Convert to Beogh


You were on level 3 of the Dungeon.
You visited 1 branch of the dungeon, and saw 3 of its levels.

You collected 184 gold pieces.

Inventory:

Hand Weapons
 a - a +0 war axe (weapon)
Missiles
 n - a throwing net (quivered)
Armour
 b - a +0 scale mail (worn)
 c - a +0 buckler (worn)
 e - a +0 pair of boots (worn)
 g - a +0 cloak (worn)
Jewellery
 l - a ring of ice
Scrolls
 f - 4 scrolls of identify {unknown}
 h - 3 scrolls of noise {unknown}
 i - 2 scrolls of teleportation {unknown}
 j - a scroll of fear {unknown}
 k - a scroll of poison {unknown}
Potions
 d - a potion of might
 m - a potion of brilliance {unknown}
 o - a potion of enlightenment {unknown}


   Skills:
 + Level 4.3 Fighting
 + Level 4.5 Axes
 + Level 4.8 Armour
 + Level 0.6 Dodging
 + Level 4.2 Shields


You had 4 spell levels left.
You didn't know any spells.
Your spell library was empty.

Dungeon Overview and Level Annotations

Branches:
Dungeon (3/15)

Altars:
Elyvilon


Innate Abilities, Weirdness & Mutations

You have a pair of horns on your head.
You reflexively headbutt those who attack you in melee.


Message History

The orc priest hits you but does no damage.
The orc priest shouts, "Surrender to Beogh and we'll let you live!" (press Y on the ability menu to convert to Beogh)
Things that are here:
a +0 hand axe; a +0 leather armour You closely miss the orc priest.
The orc priest hits you but does no damage. x2
You hit the orc priest.
The orc priest shouts, "The Pantheon deserves no one's loyalty.
Let us show you the true path!"
Your headbutt misses the orc priest.
The orc priest is lightly wounded.
The orc priest closely misses you.
You slash the orc priest!
The orc priest shouts, "The Pantheon deserves no one's loyalty.
Let us show you the true path!"
The orc priest is severely wounded.
The orc priest closely misses you.
You closely miss the orc priest. Your headbutt misses the orc priest.
The orc priest is severely wounded.
The orc priest hits you with a +0 mace.
The orc priest calls down the wrath of Beogh upon you.
Beogh smites you!
* * * LOW HITPOINT WARNING * * *
The orc priest hits you but does no damage.
You slash the orc priest!
You kill the orc priest!
You have reached level 5!
You closely miss the orc. The orc hits you with a +0 whip.
* * * LOW HITPOINT WARNING * * *
You slash the orc!
You kill the orc!
You slash the orc priest!
The orc priest is heavily wounded.
You block the orc priest's attack.
The orc priest shouts, "Surrender to Beogh and we'll let you live!"
You hit the orc priest.
The orc priest shouts, "Surrender to Beogh and we'll let you live!"
The orc priest is almost dead.
The orc priest mumbles some strange prayers to Beogh against you.
Beogh smites you!
You die...

##################
#..go@...........#
.....##############.#
### #.# #########.#
..........#
########..# #..# #..#
#..#


You could see an orc priest and a hobgoblin.

Vanquished Creatures
  An orc priest (D:3)
  3 gnolls (D:2)
  2 adders (D:2)
  A dart slug (D:1)
  2 ribbon worms (D:2)
  2 orcs (D:3)
  6 ball pythons
  6 bats
  6 endoplasms
  6 giant cockroaches
  10 goblins
  4 hobgoblins
  4 kobolds
  5 quokkas
  4 frilled lizards
  6 rats
68 creatures vanquished.

Notes
Turn   | Place    | Note
-------+----------+-------------------------------------------
     0 | D:1      | Fodor the Minotaur Fighter began the quest for the Orb.
     0 | D:1      | Reached XP level 1. HP: 19/19 MP: 0/0
   100 | D:1      | Reached XP level 2. HP: 27/27 MP: 1/1
   218 | D:1      | Found a faded altar of an unknown god.
   435 | D:1      | Reached XP level 3. HP: 32/33 MP: 2/2
   769 | D:2      | Reached XP level 4. HP: 8/40 MP: 3/3
   821 | D:2      | Found a white marble altar of Elyvilon.
  1445 | D:3      | Reached XP level 5. HP: 13/47 MP: 4/4
  1448 | D:3      | Killed from afar by an orc priest

Illustrated notes

Levels and vault maps discovered:
D:1:      minmay_arrival_five_plusses, layout_loops_cross,
          hellmonk_ecumenical_altar_arch_garden, kennysheep_boxes
D:2:      layout_rooms, basic_altar, minmay_misc_feat_alley, minmay_bisected
D:3:      minmay_inner_zag, layout_loops_ring, grunt_qazlal_sundering,
          nemelex_spade_bored_becter

Skill      XL: |  1  2  3  4 |
---------------+-------------+-----
Armour         | 4 |  4.8
Shields        | 4 |  4.2
Axes           | 3 4 |  4.5
Fighting       | 4 |  4.3
Dodging        | |  0.6

Action                     |  1- 3 |  4- 6 || total
---------------------------+-------+-------++-------
  Melee: War axe           |    85 |    66 ||   151
         Headbutt          |     6 |    10 ||    16
    Use: Potion            |       |     2 ||     2
 Armour: Scale mail        |    89 |    51 ||   140
  Dodge: Dodged            |    52 |    36 ||    88
  Block: Buckler           |    18 |    14 ||    32

Table legend: (Time is in decaauts)
 A = Elapsed time spent in this place.
 B = Non-inter-level travel time spent in this place.
 C = Inter-level travel time spent in this place.
 D = Time resting spent in this place.
 E = Time spent auto-exploring this place.
 F = Levels seen in this place.
 G = Mean time per level.
                   A        B        C        D        E       F      G
               +--------+--------+--------+--------+--------+-----+--------+
         Total |   1505 |   1488 |     17 |      0 |    829 |   3 |  501.7 |
       Dungeon |   1505 |   1488 |     17 |      0 |    829 |   3 |  501.7 |
               +--------+--------+--------+--------+--------+-----+--------+

Top non-repeatable levels by time:
     D:1: 765 daAuts
     D:2: 584 daAuts
     D:3: 156 daAuts
